 Dungeon Crawl Stone Soup version 0.17-a0-1011-gfa70bdd (webtiles) character file.

53 miau the Ruffian (level 3, -2/23 HPs)
             Began as a Gargoyle Monk on May 12, 2015.
             Slain by Sigmund
             ... wielding a +0 scythe
              (9 damage)
             ... on level 2 of the Dungeon on May 13, 2015.
             The game lasted 00:14:14 (1592 turns).

miau the Ruffian (Gargoyle Monk)                    Turns: 1592, Time: 00:14:14

Health: -2/23      AC: 10    Str: 12 (14) XL:     3   Next: 89%
Magic:  3/3        EV:  7    Int: 10      God:
Gold:   130        SH:  0    Dex: 18      Spells: 0 memorised, 2 levels left

rFire  . . .     SeeInvis .       - Unarmed
rCold  . . .     Clarity  .     a - +1 robe
rNeg   + . .     SustAb   .     (no shield)
rPois  ∞         Gourm    .     (no helmet)
rElec  +         Spirit   .     (no cloak)
rCorr  .         Warding  .     h - +0 pair of gloves
rMut   .         Stasis   .     c - +2 pair of boots
MR     .....                    (no amulet)
Stlth  ++........               l - +5 ring of dexterity
                                k - -6 ring of evasion (curse)

@: not resistant to hostile enchantments, unstealthy
A: negative energy resistance 1, electricity resistance, unbreathing,
petrification resistance, rot immunity, AC +3
a: no special abilities


You were on level 2 of the Dungeon.
You were not hungry.

You visited 1 branch of the dungeon, and saw 2 of its levels.

You collected 130 gold pieces.

Inventory:

Missiles
 g - 24 stones (quivered)
Armour
 a - a +1 robe (worn)
 c - a +2 pair of boots (worn)
 h - a +0 pair of gloves (worn)
Jewellery
 k - a cursed -6 ring of evasion (left hand)
 l - a +5 ring of dexterity (right hand)
Scrolls
 e - a scroll of enchant armour
Comestibles
 b - 3 bread rations
 d - 5 chunks of flesh
 i - a beef jerky
 j - 2 meat rations


   Skills:
 + Level 3.4 Fighting
 + Level 0.8 Throwing
 + Level 2.9 Dodging
 + Level 2.5 Stealth
 + Level 4.6 Unarmed Combat


You had 2 spell levels left.
You didn't know any spells.

Dungeon Overview and Level Annotations

Branches:
Dungeon (2/15)

Altars:

Annotations:
D:2 11 exclusions, Sigmund


Innate Abilities, Weirdness & Mutations

You are resistant to torment.
Your stone body is resilient (AC +3).
You are immune to poison.
You resist negative energy.
You are resistant to electric shocks.
You can survive without breathing.
You are immune to petrification.
You are immune to rotting.


Message History

Press: ? - help, Shift-Dir - straight line, f/p - Sigmund
Aim: Sigmund, wielding a scythe and wearing a robe (fast)
You throw a javelin. The javelin closely misses Sigmund.
Sigmund hits you but does no damage.
Fire/throw which item? (* to show all) (? for menu, Esc to quit)
Press: ? - help, Shift-Dir - straight line, f/p - Sigmund
Aim: Sigmund, wielding a scythe and wearing a robe (fast)
You throw a javelin. The javelin hits Sigmund.
Sigmund is lightly wounded.
Sigmund barely misses you.
Fire/throw which item? (* to show all) (? for menu, Esc to quit)
You don't have any such object.
Fire/throw which item? (* to show all) (? for menu, Esc to quit)
Okay, then.
Sigmund says, "Your kind have come here before.
I understand now why.
You desire death..."
Sigmund hits you from afar with a scythe.
Sigmund hits you but does no damage.
Sigmund is nearby!
Sigmund hits you from afar with a scythe!
You die...

.#.####################..........
.#.# #.......... .#.# ##.#####.##
.#.# #..#.[...# .#.. ##.#.....#
####### #.......# .......
##......#
##########################......#
.# #........@.@.............#
.#######.#################(.....#
................#......##........
...#####.######.#.####.##....#.(.
.....<...# ###'#.####.##.#......
...##.#..# #..........##.#......
...####.## #...................#
...# #+# ##........@###.#.....#
...# #..........# #.#.#...#


You could see Sigmund.

Vanquished Creatures
  Jessica (D:2)
  A worm (D:2)
  6 hobgoblins
  3 kobolds (D:1)
  6 bats (D:1)
  2 giant geckos (D:2)
  A goblin (D:2)
  4 rats
24 creatures vanquished.

Notes
Turn   | Place    | Note
--------------------------------------------------------------
     0 | D:1      | miau the Gargoyle Monk began the quest for the Orb.
     0 | D:1      | Reached XP level 1. HP: 14/14 MP: 1/1
   293 | D:1      | Reached XP level 2. HP: 19/19 MP: 2/2
   723 | D:2      | Noticed Jessica
   735 | D:2      | Killed Jessica
   735 | D:2      | Reached XP level 3. HP: 9/23 MP: 3/3
  1524 | D:2      | Noticed Sigmund
  1526 | D:2      | Upgraded the game from 0.17-a0-995-gb5fa8d7 to 0.17-a0-1011-gfa70bdd
  1592 | D:2      | Slain by Sigmund

Vault maps used:
D:1:      lightli_arrival_maybe_door_vault
D:2:      led_sif_pool, minmay_misc_feat_iff, uniq_sigmund, uniq_jessica

Action                   || total
-------------------------++-------
Melee: Unarmed           ||   100
Throw: Stone             ||    54
       Javelin           ||     7
  Use: Scroll            ||     4
       Potion            ||     1
 Stab: Sleeping          ||     2
  Eat: Chunk             ||     2
